 Dungeon Crawl Stone Soup version 0.29.1-14-g9c671dbff4 (webtiles) character file.

Game seed: 18198544255679200610

8 styxcanada the Sneak (level 2, -1/14 HPs)
             Began as a Spriggan Brigand on Feb 12, 2023.
             Slain by a hobgoblin (3 damage)
             ... on level 1 of the Dungeon.
             The game lasted 00:01:57 (297 turns).

styxcanada the Sneak (Spriggan Brigand)              Turns: 297, Time: 00:01:58

Health: -1/14      AC:  3    Str:  7    XL:     2   Next: 0%
Magic:  3/3        EV: 13    Int: 12    God:
Gold:   14         SH:  0    Dex: 16    Spells: 1/1 levels left

rFire   . . .      SeeInvis +   a - +2 dagger
rCold   . . .      Faith    .   (no shield)
rNeg    . . .      Spirit   .   b - +0 robe
rPois   .          Reflect  .   (helmet restricted)
rElec   .          Harm     .   c - +0 cloak
rCorr   .          Rampage  .   (gloves unavailable)
Will    .....                   (boots unavailable)
Stlth   +++.......              (no amulet)
HPRegen 0.04/turn               (no ring)
MPRegen 0.08/turn               (no ring)

@: constricted, very quick
A: very small, no large weapons, unfitting armour, see invisible, speed 3
a: no special abilities


You were on level 1 of the Dungeon.
You visited 1 branch of the dungeon, and saw 1 of its levels.

You collected 14 gold pieces.

Inventory:

Hand Weapons
 a - a +2 dagger (weapon)
Missiles
 d - 8 poisoned darts (quivered)
 e - 3 curare-tipped darts
Armour
 b - a +0 robe (worn)
 c - a +0 cloak (worn)
Scrolls
 f - a scroll of enchant armour {unknown}


   Skills:
 * Level 1.6 Fighting
 + Level 2.2 Short Blades
 + Level 2.0 Throwing
 * Level 1.7 Dodging
 * Level 6.4 Stealth


You had one spell level left.
You didn't know any spells.
Your spell library was empty.

Dungeon Overview and Level Annotations

Branches:
Dungeon (1/15)

Altars:


Innate Abilities, Weirdness & Mutations

You are very small and have problems with some larger weapons.
You are too small for most types of armour.
You have supernaturally acute eyesight. (SInv)
You cover ground extremely quickly. (Speed+++)


Message History

The endoplasm quivers.
A bat comes into view.
Throw: 9 darts (poison)
Press: ? - help, Q - select action, (/) - cycle Shift-Dir - straight line, f - giant cockroach
Aim: a giant cockroach (60% to hit)
You throw a poisoned dart.
The poisoned dart hits the giant cockroach.
The giant cockroach is poisoned.
You hit the bat.
You kill the bat!
You see here a bat corpse.
You barely miss the frilled lizard.
You kill the giant cockroach!
The frilled lizard barely misses you.
You hit the frilled lizard.
You kill the frilled lizard!
You have reached level 2!
You hit the hobgoblin.
The hobgoblin is severely wounded.
The hobgoblin hits you.
You closely miss the hobgoblin.
The hobgoblin is severely wounded.
The hobgoblin hits you.
You closely miss the ball python. The ball python closely misses you.
The ball python grabs you. The ball python constricts you.
The hobgoblin closely misses you.
You hit the ball python.
The ball python is severely wounded.
The ball python bites you. The ball python constricts you.
The hobgoblin hits you but does no damage.
You closely miss the ball python.
The ball python is severely wounded.
The ball python closely misses you. The ball python constricts you.
* * * LOW HITPOINT WARNING * * *
You hit the ball python but do no damage.
The ball python is severely wounded.
The ball python bites you.
* * * LOW HITPOINT WARNING * * *
The ball python constricts you. The hobgoblin hits you.
You die...

#.#####.####........##..
#.#####.# #...............
........# ##.......###..J.
.#####.## ##.#...### .....
....##.# #..)...# #...P.
.....#.# #...#### #(.PP .
.##..#.# #...# ..~ ~..
.......# #...#####(♣~~~~♣
..#..### #...S@glJ...~≈≈~
#....#######...####..[~.≈≈.
##...#.......... ..SP~~~~~
................ ......~~~~
####.#...............#~.P~~
...#.#######..........~~~.~
.<.'.# #...####...P~~~.
...### #.#. ###..♣.P. ####


You could see an endoplasm, a hobgoblin, a ball python and a frilled lizard.

Vanquished Creatures
  A bat (D:1)
  2 giant cockroaches (D:1)
  A ball python (D:1)
  3 frilled lizards (D:1)
  A kobold (D:1)
  A rat (D:1)
9 creatures vanquished.

Notes
Turn   | Place    | Note
-------+----------+-------------------------------------------
     0 | D:1      | styxcanada the Spriggan Brigand began the quest for the
                  | Orb.
     0 | D:1      | Reached XP level 1. HP: 10/10 MP: 2/2
   115 | D:1      | Reached skill level 6 in Stealth
   292 | D:1      | Reached XP level 2. HP: 14/14 MP: 3/3
   297 | D:1      | Slain by a hobgoblin

Illustrated notes

Levels and vault maps discovered:
D:1:      dpeg_arrival_tiny_f, layout_loops_cross, serial_bayou_pond_b

Skill      XL: |  1 |
---------------+----+-----
Stealth        | 6 |  6.4
Fighting       | |  1.6
Short Blades   | |  2.2
Throwing       | |  2.0
Dodging        | |  1.7

Action                   || total
-------------------------++-------
Melee: Dagger            ||    27
Throw: Dart              ||     3
Armor: Robe              ||     3
Dodge: Dodged            ||    19
